Map: Acid Plant LE

Players

coldhand - Winner!

  • Race: Terran Terran
  • Spawn Location: 11:00

Baelim

  • Race: Protoss Protoss
  • League: Gold
  • Spawn Location: 5:00

VOD

Have the link to the VOD?

Description

Time

  • Played on: March 24, 2018, 4:07 a.m.
  • Length: 10:02
Show
View Real Time Build Order
Export as new Build Order

coldhand Terran - Winner!

Build Orders: Reaper Expand 

Get SALT Encoding   

  12  0:00  SCV  
  13  0:13  SCV  
  14  0:17  Supply Depot  
  14  0:25  SCV  
  15  0:39  SCV  
  15  0:42  Barracks  
  16  0:51  Refinery, SCV  
  17  1:08  SCV  
  18  1:20  SCV  
  19  1:34  Orbital Command  
  19  1:35  Reaper  
  20  1:44  Command Center  
  20  1:56  Barracks  
  20  2:01  SCV  
  21  2:16  SCV  
  21  2:18  Supply Depot  
  21  2:19  Barracks Reactor  
  22  2:30  SCV  
  22  2:33  Refinery  
  23  2:37  Factory  
  23  2:43  SCV  
  24  2:48  Engineering Bay  
  24  2:55  Marine  
  24  2:56  SCV  
  26  3:02  Barracks Tech Lab  
  26  3:05  Marine  
  27  3:10  Orbital Command  
  27  3:12  Marine  
  28  3:25  SCV  
  29  3:29  Marine  
  29  3:30  Stimpack  
  29  3:31  Factory Reactor  
  30  3:38  SCV x2  
  32  3:42  Starport  
  32  3:50  SCV x2  
  32  3:51  Bunker  
  32  3:52  Marine  
  32  3:54  Marine  
  36  4:02  Engineering Bay  
  36  4:05  Supply Depot  
  36  4:07  SCV  
  36  4:08  SCV  
  38  4:13  Marine x2  
  38  4:14  Marine  
  41  4:25  Factory Reactor  
  41  4:26  SCV x2  
  41  4:31  Marine x2  
  44  4:32  Medivac x2, Marine  
  44  4:38  Supply Depot  
  50  4:43  SCV  
  50  4:44  SCV  
  52  4:50  Marine  
  52  4:51  Marine  
  54  4:59  Marine  
  54  5:00  SCV x2  
  54  5:03  Terran Infantry Weapons Level 1, Terran Infantry Armor Level 1  
  57  5:08  Marine x2  
  59  5:17  Marine  
  60  5:26  Widow Mine  
  62  5:30  Supply Depot x2  
  62  5:31  Supply Depot  
  62  5:48  Marine x3  
  62  5:49  Widow Mine, SCV x2  
  69  5:54  Barracks  
  69  5:55  Barracks  
  69  5:56  Barracks  
  69  5:58  Barracks  
  69  6:01  Medivac, Armory, Supply Depot, SCV x2  
  73  6:06  Marine x3  
  76  6:13  Refinery, SCV x2  
  76  6:15  Refinery  
  78  6:24  Marine x3  
  77  6:44  Barracks Reactor x2  
  77  6:45  Barracks Tech Lab  
  77  6:46  Barracks Tech Lab  
  70  7:00  Terran Infantry Weapons Level 2  
  69  7:02  Marine x3  
  69  7:05  Terran Infantry Armor Level 2  
  63  7:19  Supply Depot  
  63  7:20  Supply Depot x2, Marine x3  
  63  7:21  Supply Depot  
  66  7:23  Marauder x2  
  66  7:25  Marine  
  66  7:26  Marine  
  66  7:28  Marine  
  66  7:29  Marine  
  74  7:30  Command Center  
  74  7:37  Medivac, Marine  
  74  7:38  Marine, Marauder  
  74  7:42  Medivac  
  74  7:43  Marine  
  83  7:44  Marine x3  
  83  7:46  Marine  
  83  7:47  Marine  
  88  7:55  Marine  
  88  7:56  Marine  
  89  8:14  Marauder x3  
  89  8:16  Marine x6  
  101  8:22  Medivac  
  103  8:34  Marine x6  
  104  8:35  Marauder x3  
  111  8:44  Orbital Command  
  98  8:51  Marine  
  98  8:52  Marine x5  
  100  8:56  Marine x3  
  95  9:12  Marine x5  
  95  9:13  Marine  
  95  9:14  Marauder x2  
  95  9:15  Marauder  
  95  9:16  Medivac, Widow Mine x2  
  95  9:17  Medivac  
  115  9:22  Refinery  
  115  9:23  SCV  
  115  9:24  Refinery, SCV x2  
  118  9:36  Marauder x2  
  118  9:38  Supply Depot  
  120  9:39  Supply Depot  
Show
View Real Time Build Order
Export as new Build Order

Baelim Protoss 

Build Orders:  

Get SALT Encoding   

  12  0:01  Probe  
  13  0:13  Probe  
  14  0:18  Pylon  
  14  0:25  Probe  
  15  0:37  Probe  
  15  0:39  Gateway  
  16  0:49  Assimilator, Probe  
  17  1:01  Probe  
  18  1:13  Probe  
  19  1:19  Pylon  
  20  1:25  Probe  
  20  1:30  Cybernetics Core, Zealot  
  22  1:47  Probe  
  23  2:00  Warp Gate (Chrono Boost)  
  23  2:09  Nexus  
  23  2:26  Probe (Chrono Boost)  
  23  2:31  Stalker  
  23  2:36  Probe (Chrono Boost)  
  26  2:39  Assimilator  
  26  2:41  Probe (Chrono Boost)  
  27  2:46  Gateway  
  27  2:48  Gateway  
  27  2:55  Pylon  
  27  2:57  Probe  
  28  3:06  Adept  
  28  3:12  Probe  
  30  3:27  Probe  
  31  3:37  Robotics Facility  
  31  3:47  Shield Battery  
  31  3:50  Shield Battery  
  31  3:57  Pylon  
  31  4:00  Probe x2  
  33  4:03  Sentry  
  33  4:04  Zealot  
  33  4:09  Stalker  
  39  4:12  Probe  
  40  4:22  Assimilator  
  40  4:31  Twilight Council  
  40  4:48  Zealot x3  
  40  4:51  Probe (Chrono Boost)  
  48  4:55  Probe (Chrono Boost)  
  48  5:01  Pylon  
  48  5:02  Probe (Chrono Boost)  
  48  5:04  Pylon  
  48  5:06  Probe x2 (Chrono Boost)  
  50  5:08  Charge (Chrono Boost)  
  50  5:09  Shield Battery  
  50  5:11  Phoenix  
  51  5:21  Probe x2  
  51  5:27  Immortal (Chrono Boost)  
  57  5:45  Zealot x3  
  63  5:59  Pylon  
  63  6:01  Pylon  
  63  6:04  Gateway  
  63  6:19  Probe  
  63  6:20  Probe  
  65  6:25  Sentry x2  
  65  6:26  Sentry  
  63  6:47  Stalker  
  63  6:49  Stalker x2  
  62  7:29  Probe (Chrono Boost)  
  63  7:32  Stalker x2  
  67  7:39  Probe (Chrono Boost)  
  68  7:44  Probe (Chrono Boost)  
  68  7:50  Warp Prism (Chrono Boost)  
  71  7:56  Probe  
  72  8:00  Pylon  
  72  8:04  Zealot x2  
  72  8:05  Zealot, Pylon  
  78  8:09  Assimilator  
  78  8:15  Forge  
  78  8:16  Gateway  
  78  8:18  Probe  
  79  8:25  Immortal (Chrono Boost)  
  83  8:31  Probe x2  
  81  8:43  Probe  
  81  8:45  Stalker x4  
  56  9:14  Zealot  
  56  9:15  Zealot x3  
  64  9:29  Shield Battery  
  64  9:30  Shield Battery  
  64  9:33  Zealot x3  
  64  9:34  Shield Battery  
  56  9:49  Stalker x3  
Tags
 
League
Gold
Matchup
PvT
Replay Pack
24 marzo
Spawn Locations
Cross Positions
Add a new tag
Caveats
  • Supply blocks, unpowered buildings, or Contaminate may cause inaccurate times.
  • Supply counts are checked every 10 seconds.